 Dungeon Crawl Stone Soup version 0.30-a0-591-g3c58d2bc28 (webtiles) character file.

Game seed: 4867638944894162416

31 wormed the Insei (level 3, 0/23 HPs)
             Began as an Octopode Transmuter on Jan 6, 2023.
             Killed by nerve-wracking pain
             ... invoked by an orc priest
              (11 damage)
             ... on level 4 of the Dungeon.
             The game lasted 00:01:43 (1131 turns).

wormed the Insei (Octopode Transmuter)              Turns: 1131, Time: 00:01:44

Health: 0/23       AC:  1    Str:  9    XL:     3   Next: 22%
Magic:  3/6        EV: 13    Int: 17    God:
Gold:   19         SH:  0    Dex: 12    Spells: 3/6 levels left

rFire   . . .      SeeInvis .      - Unarmed
rCold   . . .      Faith    .    (no shield)
rNeg    . . .      Spirit   .    (helmet currently unavailable)
rPois   .          Reflect  .    (no amulet)
rElec   .          Harm     .    (no ring)
rCorr   .          Rampage  .    (no ring)
Will    .....                    (no ring)
Stlth   ++                       (no ring)
HPRegen 0.23/turn                (no ring)
MPRegen 0.10/turn                (no ring)
                                 (no ring)
                                 (no ring)

@: appendages (expiring), very slightly contaminated
A: tentacle spike 3, almost no armour, amphibious, 8 rings, camouflage 1,
gelatinous body 1, (nimble swimmer 1), tentacles
a: End Transformation


You were on level 4 of the Dungeon.
One of your tentacles had grown a beastly spike.
You visited 1 branch of the dungeon, and saw 3 of its levels.

You collected 19 gold pieces.

Inventory:

Missiles
 d - a throwing net
Potions
 a - a potion of lignification
 c - a potion of heal wounds {unknown}


   Skills:
 + Level 1.4 Fighting
 + Level 2.1 Dodging
 + Level 3.1 Unarmed Combat
 + Level 2.1 Spellcasting
 * Level 2.7 Transmutations
 + Level 0.5 Ice Magic


You had 3 spell levels left.
You knew the following spells:

 Your Spells              Type           Power      Damage    Failure   Level
a - Beastly Appendage     Tmut           22%        N/A       6%          1
b - Wereblood             Tmut           11%        N/A       10%         2

Your spell library contained the following spells:

 Spells                   Type           Power      Damage    Failure   Level
 Spider Form              Tmut/Pois      6%         N/A       32%         3
 Ice Form                 Ice/Tmut       7%         N/A       67%         4


Dungeon Overview and Level Annotations

Branches:
Dungeon (2/15)

Altars:
Fedhas

Shops:
D:1 ?


Innate Abilities, Weirdness & Mutations

One of your tentacles has grown a beastly spike.
You cannot wear most types of armour.
You are amphibious.
You can wear up to eight rings at the same time.
Your skin changes colour to match your surroundings (Stealth+).
Your rubbery body absorbs attacks. (AC +1, EV +1)
((You are camouflaged when in or above water. (Stealth+)))
You have tentacles for arms and can constrict up to eight enemies at once.


Message History

Casting: Wereblood (safe; 10% risk of failure)
Confirm with . or Enter, or press ? or * to list all spells.
One of your tentacles grows a vicious spike.
Casting: Beastly Appendage (safe; 6% risk of failure)
Confirm with . or Enter, or press ? or * to list all spells.
Your blood is infused with primal strength.
Casting: Wereblood (safe; 10% risk of failure)
Confirm with . or Enter, or press ? or * to list all spells.
You don't know that spell.
A sourceless malevolence fills the Dungeon...
You fall into a shaft and drop 2 floors!
The shaft crumbles and collapses.
Found a blossoming altar of Fedhas.
Your transformation is almost over.
Your tentacle spike disappears.
Your primal bloodlust is almost over.
Your primal bloodlust has ended.
Magic restored.
An orc and an orc priest come into view.
An orc comes into view.
It is wielding a +0 club and wearing a +1 leather armour of willpower.
The orc priest looks braver for a moment.
The orc priest looks encouraged for a moment.
Casting: Wereblood (safe; 10% risk of failure)
Confirm with . or Enter, or press ? or * to list all spells.
One of your tentacles grows a vicious spike.
Casting: Beastly Appendage (safe; 6% risk of failure)
Confirm with . or Enter, or press ? or * to list all spells.
You miscast Wereblood.
You are very lightly contaminated with residual magic.
Nothing appears to happen.
The orc priest invokes the aid of Beogh against you.
Beogh smites you!
Your transformation is almost over.
The orc priest hits you with a +0 trident.
You tentacle-slap the orc priest. You grab the orc priest.
The orc priest is lightly wounded.
You constrict the orc priest, but do no damage.
The orc priest invokes the aid of Beogh against you.
Pain shoots through your body!
You die...

#o.o. .._. ... #.#
### ###.###.#
#.......####
####..........######
#..............o@..#
#.####...###########
#####


You could see an orc priest.

Vanquished Creatures
  A dart slug (D:1)
  2 ball pythons (D:1)
  3 bats (D:1)
  4 endoplasms (D:1)
  6 goblins (D:1)
  A hobgoblin (D:1)
  3 jackals (D:1)
  A quokka (D:1)
  A frilled lizard (D:1)
  3 kobolds (D:1)
  A rat (D:1)
26 creatures vanquished.

Notes
Turn   | Place    | Note
-------+----------+-------------------------------------------
     0 | D:1      | wormed the Octopode Transmuter began the quest for the Orb.
     0 | D:1      | Reached XP level 1. HP: 13/13 MP: 3/3
    71 | D:1      | Found a faded altar of an unknown god.
    86 | D:1      | Reached XP level 2. HP: 14/18 MP: 3/5
   551 | D:1      | Reached XP level 3. HP: 21/23 MP: 4/6
   560 | D:1      | Learned a level 2 spell: Wereblood
   752 | D:1      | Found Rerchaph's Magic Scroll Boutique.
  1088 | D:2      | You fall into a shaft and drop 2 floors!
  1088 | D:4      | Found a blossoming altar of Fedhas.
  1131 | D:4      | Killed from afar by an orc priest

Illustrated notes

Levels and vault maps discovered:
D:1:      amcnicky_arrival_feature_with_door, layout_loops_ring,
          ebering_ecumenical_altar_petrified, serial_shops, nicolae_square_shop,
          hangedman_decor_clover_reticule
D:2:      layout_basic, dreamdust_wishing_well
D:4:      layout_rooms, mainiacjoe_overflow_alcove_2, dreamdust_gnoll_farm,
          uniq_eustachio

Action                   || total
-------------------------++-------
Melee: Unarmed           ||    60
       Kick              ||    14
       Constrict         ||    19
       Tentacles         ||    13
       Punch             ||     2
 Cast: Beastly Appendage ||    22
       Wereblood         ||     6
  Use: Scroll            ||     2
 Stab: Sleeping          ||     3
Armor: Skin              ||     6
Dodge: Dodged            ||    37

Table legend: (Time is in decaauts)
 A = Elapsed time spent in this place.
 B = Non-inter-level travel time spent in this place.
 C = Inter-level travel time spent in this place.
 D = Time resting spent in this place.
 E = Time spent auto-exploring this place.
 F = Levels seen in this place.
 G = Mean time per level.
                   A        B        C        D        E       F      G
               +--------+--------+--------+--------+--------+-----+--------+
         Total |   1127 |   1043 |     84 |      3 |    830 |   3 |  375.7 |
       Dungeon |   1127 |   1043 |     84 |      3 |    830 |   3 |  375.7 |
               +--------+--------+--------+--------+--------+-----+--------+

Top non-repeatable levels by time:
     D:1: 1080 daAuts
     D:4: 42 daAuts
     D:2: 4 daAuts
